 Dungeon Crawl Stone Soup version 0.30-b1-2-g02819fbbbe (webtiles) character file.

Game seed: 9767788105913640093

52 graymark the Magician (level 4, -16/31 HPs)
             Began as a Djinni Fire Elementalist on May 24, 2023.
             Killed from afar by Natasha (17 damage)
             ... with a bolt of dispelling energy
             ... on level 2 of the Dungeon.
             The game lasted 00:06:21 (1100 turns).

graymark the Magician (Djinni Fire Elementalist)    Turns: 1100, Time: 00:06:22

Health: -16/31     AC:  2    Str:  7    XL:     4   Next: 8%
Gold:   21         EV: 12    Int: 19    God:
                   SH:  0    Dex: 13

rFire   + + .        l - +4 spear
rCold   x . .        (no shield)
rNeg    . . .        a - +0 robe
rPois   ∞            (no helmet)
rElec   .            (no cloak)
rCorr   .            (no gloves)
SInv    .            (boots unavailable)
Will    .....        (no amulet)
Stlth   ++           (no ring)
HPRegen 0.25/turn    (no ring)
MPRegen 0.00/turn

%: infuse magic (-17 HP)
@: flying
A: sickness immunity, fire resistance 2, cold vulnerability 1, float, innate
caster, HP casting, extra vitality 1
a: no special abilities


You were on level 2 of the Dungeon.
You visited 1 branch of the dungeon, and saw 2 of its levels.

You collected 21 gold pieces.

Inventory:

Hand Weapons
 c - a +0 dagger
 l - a +4 spear (weapon)
Missiles
 d - 35 stones
Armour
 a - a +0 robe (worn)
Scrolls
 b - a scroll of enchant weapon {unknown}
 f - 2 scrolls of identify {unknown}
 h - a scroll of teleportation {unknown}
 i - a scroll of enchant armour {unknown}
 k - a scroll of magic mapping {unknown}
 m - a scroll of amnesia {unknown}
Potions
 e - a potion of resistance {unknown}
 g - 2 potions of might {unknown}
 j - a potion of berserk rage {unknown}


   Skills:
 + Level 2.9 Dodging
 + Level 2.2 Stealth
 * Level 3.1 Spellcasting


You knew the following spells:

 Your Spells              Type           Power      Damage    Failure   Level
a - Foxfire               Conj/Fire      56%        2x1d6     4%          1
b - Scorch                Fire           28%        2d6       6%          2
c - Volatile Blastmotes   Fire/Tloc      28%        2d12      13%         3
d - Inner Flame           Hex/Fire       14%        N/A       13%         3
e - Flame Wave            Conj/Fire      14%        2d6       38%         4
f - Beastly Appendage     Tmut           28%        N/A       4%          1
Your spell library was empty.

Dungeon Overview and Level Annotations

Branches:
Dungeon (2/15)

Altars:
Cheibriados

Annotations:
D:2 Natasha


Innate Abilities, Weirdness & Mutations

You are immune to sickness and miasma.
You are immune to poison.
Your flesh is very heat resistant. (rF++)
You are vulnerable to cold. (rC-)
You float through the air rather than walking.
You learn spells naturally, not from books.
Your magical power is your life essence.
You have superior vitality. (+4 MHP)


Message History

The bolt of dispelling energy misses you.
Casting: Scorch (safe; 6% risk of failure)
Confirm with . or Enter, or press ? or * to list all spells.
You conjure some foxfire!
Your foxfire dissipates!
Casting: Foxfire (safe; 4% risk of failure)
Confirm with . or Enter, or press ? or * to list all spells.
You conjure some foxfire!
The foxfire hits Natasha.
Natasha is lightly wounded.
Casting: Foxfire (safe; 4% risk of failure)
Confirm with . or Enter, or press ? or * to list all spells.
You conjure some foxfire!
The foxfire hits Natasha but does no damage.
Natasha is lightly wounded.
The foxfire hits Natasha.
Natasha is moderately wounded.
The foxfire hits Natasha.
Natasha is heavily wounded.
Natasha zaps a wand.
The bolt of dispelling energy hits you!
Ouch! That really hurt!
Casting: Foxfire (safe; 4% risk of failure)
Confirm with . or Enter, or press ? or * to list all spells.
Flames lash Natasha.
Natasha is almost dead.
Natasha's fire resistance burns away.
Natasha casts a spell at you. The magic dart hits you!
* * * LOW HITPOINT WARNING * * *
Casting: Scorch (safe; 6% risk of failure)
Confirm with . or Enter, or press ? or * to list all spells.
You don't have enough health to cast this spell.
You aren't carrying any items that you can evoke.
Casting: Scorch (safe; 6% risk of failure)
Confirm with . or Enter, or press ? or * to list all spells.
You conjure some foxfire!
* * * LOW HITPOINT WARNING * * *
Natasha zaps a wand.
The bolt of dispelling energy hits you!
Ouch! That really hurt!
You die...

#.# ####. #.#
#.... #.# #.###
#.# #.# #.# #.#
#.## #.#
#####..# #.###
#...v..# #....
##....@.# #####
#..._..v#
#####....
#......##
#.....#.†
#.....h#
#.#####.#
#.####.####
#........
#.h....##<#
#######.#
#..#######.#
#.#
#.###########.#
#.............#


You could see Natasha (combustible, ally target).

Vanquished Creatures
  An adder (D:2)
  A dart slug (D:1)
  2 bats
  3 endoplasms
  2 goblins
  2 hobgoblins (D:1)
  3 jackals (D:2)
  7 quokkas (D:1)
  9 ball pythons
  2 frilled lizards
  4 kobolds
  2 rats (D:1)
38 creatures vanquished.

Vanquished Creatures (others)
  56 foxfires
56 creatures vanquished.

Grand Total: 94 creatures vanquished

Notes
Turn   | Place    | Note
-------+----------+-------------------------------------------
     0 | D:1      | graymark the Djinni Fire Elementalist began the quest for
                  | the Orb.
     0 | D:1      | graymark set off with the following spells memorised:
                  | Foxfire, Scorch, Volatile Blastmotes, Inner Flame, Flame
                  | Wave.
     0 | D:1      | Reached XP level 1. HP: 15/15 MP: 0/0
   162 | D:1      | Reached XP level 2. HP: 20/21 MP: 0/0
   437 | D:1      | Reached XP level 3. HP: 24/25 MP: 0/0
   437 | D:1      | Learned a level 1 spell: Beastly Appendage
   771 | D:2      | Reached skill level 3 in Spellcasting
   889 | D:2      | Reached XP level 4. HP: 29/31 MP: 0/0
  1082 | D:2      | Found a snail-covered altar of Cheibriados.
  1091 | D:2      | Noticed Natasha
  1100 | D:2      | Killed from afar by Natasha

Illustrated notes

Levels and vault maps discovered:
D:1:      dpeg_arrival_signposts, layout_basic
D:2:      layout_basic, basic_altar, basic_ecumenical_altar, uniq_natasha

Skill      XL: |  1  2  3 |
---------------+----------+-----
Stealth        | 2 |  2.2
Spellcasting   | 3 |  3.1
Dodging        | |  2.9

Action                     |  1- 3 |  4- 6 || total
---------------------------+-------+-------++-------
  Melee: Dagger            |    17 |       ||    17
         Spear             |     1 |    13 ||    14
   Cast: Foxfire           |    40 |     5 ||    45
         Scorch            |     4 |     2 ||     6
 Armour: Robe              |     4 |     2 ||     6
  Dodge: Dodged            |    15 |     4 ||    19
